TOP OF THE 1ST |
Baffin Island Beavers batting - Pitching for Springfield Stars : LHP Brock Morris
|
Pitching: LHP Brock Morris
|
|
Batting: LHB Chris Bates
|
0-0: Ground out 1-3 (Groundball, 13S)
|
Batting: RHB José García
|
0-0: Ball 1-0: Ball 2-0: Ground out 3-1 (Groundball, 34)
|
Batting: SHB Alonso Ferreira
|
0-0: Fly out, F9 (Flyball, 9LM)
|
Top of the 1st over - 0 run(s), 0 hit(s), 0 error(s), 0 left on base; Baffin Island 0 - Springfield 0 |
BOTTOM OF THE 1ST |
Springfield Stars batting - Pitching for Baffin Island Beavers : RHP Robert Reeves
|
Pitching: RHP Robert Reeves
|
|
Batting: RHB Juan Rodríguez
|
0-0: Hit by Pitch
|
Batting: LHB Felipe Guerrero
|
0-0: Ball 1-0: Called Strike 1-1: Ball 2-1: Called Strike 2-2: Strikes out swinging
|
Batting: RHB Calvin Bennett
|
0-0: Ball 1-0: Foul Ball, location: 2F 1-1: Ball 2-1: Ball 3-1: 2-RUN HOME RUN (Flyball, 78XD), Distance : 434 ft
|
Batting: LHB Derek Davidson
|
0-0: Ball 1-0: Called Strike 1-1: Fly out, F9 (Flyball, 89D)
|
Batting: LHB César Valentín
|
0-0: Called Strike 0-1: Ball 1-1: Ball 2-1: Foul Ball, location: 2F 2-2: Ball 3-2: Foul Ball, location: 2F 3-2: TRIPLE (Flyball, 8LXD)
|
Batting: LHB Ryan Drake
|
0-0: Called Strike 0-1: Ball 1-1: Called Strike 1-2: Ball 2-2: Foul Ball, location: 2F 2-2: Ball 3-2: Strikes out swinging
|
Bottom of the 1st over - 2 run(s), 2 hit(s), 0 error(s), 1 left on base; Baffin Island 0 - Springfield 2 |
TOP OF THE 2ND |
Baffin Island Beavers batting - Pitching for Springfield Stars : LHP Brock Morris
|
Batting: RHB Tony Morton
|
0-0: DOUBLE (Line Drive, 78XD)
|
Batting: LHB Jerry Bryan
|
0-0: Foul Ball, location: 2F 0-1: Ground out 3-1 (Groundball, 34) Tony Morton to third
|
Batting: LHB Jeff Cole
|
0-0: Ball 1-0: Called Strike 1-1: Ball 2-1: Ball 3-1: Base on Balls
|
Batting: RHB Bryan Sandstrom
|
0-0: Called Strike 0-1: Ball 1-1: Ball 2-1: Foul Ball, location: 2F 2-2: SINGLE (Groundball, 3L) Tony Morton scores Jeff Cole to second Runner from 2nd tries for 3rd, OUT!
|
Batting: LHB Keng-chi Lao
|
0-0: Called Strike 0-1: Ball 1-1: Ball 2-1: Called Strike 2-2: Foul Ball, location: 2F 2-2: Ball Passed Ball! Bryan Sandstrom to second 3-2: Base on Balls
|
Batting: RHB Bill Mark
|
0-0: Ball 1-0: Fly out, F6 (Line Drive, 6M)
|
Top of the 2nd over - 1 run(s), 2 hit(s), 0 error(s), 2 left on base; Baffin Island 1 - Springfield 2 |
BOTTOM OF THE 2ND |
Springfield Stars batting - Pitching for Baffin Island Beavers : RHP Robert Reeves
|
Batting: RHB Will Sterling
|
0-0: Ball 1-0: Ball 2-0: Ball 3-0: Called Strike 3-1: Ground out 5-3 (Groundball, 5)
|
Batting: RHB José Pinto
|
0-0: Fly out, F9 (Flyball, 9M)
|
Batting: LHB Jesús Tobías
|
0-0: Ball 1-0: Swinging Strike 1-1: Ball 2-1: Foul Ball, location: 2F 2-2: Foul Ball, location: 2F 2-2: Foul Ball, location: 2F 2-2: Strikes out swinging
|
Bottom of the 2nd over - 0 run(s), 0 hit(s), 0 error(s), 0 left on base; Baffin Island 1 - Springfield 2 |
TOP OF THE 3RD |
Baffin Island Beavers batting - Pitching for Springfield Stars : LHP Brock Morris
|
Batting: LHB Chris Bates
|
0-0: Ball 1-0: Ball 2-0: Fly out, F3 (Line Drive, 3)
|
Batting: RHB José García
|
0-0: Foul Ball, location: 2F 0-1: Swinging Strike 0-2: Ball 1-2: Fly out, F9 (Flyball, 89M)
|
Batting: SHB Alonso Ferreira
|
0-0: Ball 1-0: Ball 2-0: Called Strike 2-1: SINGLE (Line Drive, 56D)
|
Batting: RHB Tony Morton
|
Pickoff Throw to First - Out!
|
Top of the 3rd over - 0 run(s), 1 hit(s), 0 error(s), 0 left on base; Baffin Island 1 - Springfield 2 |
BOTTOM OF THE 3RD |
Springfield Stars batting - Pitching for Baffin Island Beavers : RHP Robert Reeves
|
Batting: RHB Juan Rodríguez
|
0-0: Ball 1-0: Ball 2-0: Ball 3-0: Base on Balls
|
Batting: LHB Felipe Guerrero
|
0-0: Called Strike 0-1: Foul Ball, location: 2F 0-2: Ball 1-2: Grounds out, U3 (Groundball, 3L)
|
Batting: RHB Calvin Bennett
|
0-0: Called Strike 0-1: Called Strike 0-2: Ball 1-2: Ball 2-2: Ball 3-2: Strikes out swinging passed ball, reaches first! Juan Rodríguez to third
|
Batting: LHB Derek Davidson
|
0-0: Ball Calvin Bennett is caught stealing 2nd base 1-0: Called Strike 1-1: Swinging Strike 1-2: Fly out, F8 (Flyball, 8RD)
|
Bottom of the 3rd over - 0 run(s), 0 hit(s), 0 error(s), 1 left on base; Baffin Island 1 - Springfield 2 |
TOP OF THE 4TH |
Baffin Island Beavers batting - Pitching for Springfield Stars : LHP Brock Morris
|
Batting: RHB Tony Morton
|
0-0: Ball 1-0: Fly out, F9 (Flyball, 89S)
|
Batting: LHB Jerry Bryan
|
0-0: Ball 1-0: TRIPLE (Flyball, 8RXD)
|
Batting: LHB Jeff Cole
|
0-0: Called Strike 0-1: Foul Ball, location: 2F 0-2: Strikes out looking
|
Batting: RHB Bryan Sandstrom
|
0-0: Ball 1-0: SINGLE (Flyball, 8LS) Jerry Bryan scores
|
Batting: LHB Keng-chi Lao
|
0-0: Ball 1-0: Ball 2-0: Foul Ball, location: 2F 2-1: Ground out 2-3 (Groundball, 2L)
|
Top of the 4th over - 1 run(s), 2 hit(s), 0 error(s), 1 left on base; Baffin Island 2 - Springfield 2 |
BOTTOM OF THE 4TH |
Springfield Stars batting - Pitching for Baffin Island Beavers : RHP Robert Reeves
|
Batting: LHB César Valentín
|
0-0: SOLO HOME RUN (Flyball, 9D), Distance : 402 ft
|
Batting: LHB Ryan Drake
|
0-0: Ball 1-0: Called Strike 1-1: Called Strike 1-2: Ball 2-2: Strikes out swinging
|
Batting: RHB Will Sterling
|
0-0: Called Strike 0-1: Swinging Strike 0-2: Ball 1-2: Foul Ball, location: 2F 1-2: Ball 2-2: Foul Ball, location: 2F 2-2: Foul Ball, location: 2F 2-2: Foul Ball, location: 2F 2-2: Ball 3-2: Strikes out looking
|
Batting: RHB José Pinto
|
0-0: Ball 1-0: Ball 2-0: Called Strike 2-1: Foul Ball, location: 2F 2-2: Foul Ball, location: 2F 2-2: Ball 3-2: Base on Balls
|
Batting: LHB Jesús Tobías
|
0-0: Ground out 4-3 (Groundball, 34)
|
Bottom of the 4th over - 1 run(s), 1 hit(s), 0 error(s), 1 left on base; Baffin Island 2 - Springfield 3 |
TOP OF THE 5TH |
Baffin Island Beavers batting - Pitching for Springfield Stars : LHP Brock Morris
|
Batting: RHB Bill Mark
|
0-0: Ball 1-0: Ball 2-0: Ball 3-0: Called Strike 3-1: Base on Balls
|
Batting: LHB Chris Bates
|
0-0: Ball Bill Mark is caught stealing 2nd base 1-0: Ground out 5-3 (Groundball, 15S)
|
Batting: RHB José García
|
0-0: Ball 1-0: Foul Ball, location: 2F 1-1: Ball 2-1: Foul Ball, location: 2F 2-2: Ground out 6-3 (Groundball, 6)
|
Top of the 5th over - 0 run(s), 0 hit(s), 0 error(s), 0 left on base; Baffin Island 2 - Springfield 3 |
BOTTOM OF THE 5TH |
Springfield Stars batting - Pitching for Baffin Island Beavers : RHP Robert Reeves
|
Batting: RHB Juan Rodríguez
|
0-0: Called Strike 0-1: Ball 1-1: Fly out, F7 (Flyball, 78M)
|
Batting: LHB Felipe Guerrero
|
0-0: Swinging Strike 0-1: Foul Ball, location: 2F 0-2: Ball 1-2: Ground out 5-3 (Groundball, 56S)
|
Batting: RHB Calvin Bennett
|
0-0: Called Strike 0-1: TRIPLE (Line Drive, 9LM)
|
Batting: LHB Derek Davidson
|
0-0: Ball 1-0: Foul Ball, location: 2F 1-1: Called Strike 1-2: Ball 2-2: Foul Ball, location: 2F 2-2: Fly out, F9 (Flyball, 89XD)
|
Bottom of the 5th over - 0 run(s), 1 hit(s), 0 error(s), 1 left on base; Baffin Island 2 - Springfield 3 |
TOP OF THE 6TH |
Baffin Island Beavers batting - Pitching for Springfield Stars : LHP Brock Morris
|
Batting: SHB Alonso Ferreira
|
0-0: Ball 1-0: SINGLE (Groundball, 6M)
|
Batting: RHB Tony Morton
|
0-0: Ball 1-0: SINGLE (Groundball, 6MD) Alonso Ferreira to second
|
Batting: LHB Jerry Bryan
|
0-0: Swinging Strike 0-1: Ball 1-1: Grounds into double play, 4-6-3 (Groundball, 4) Alonso Ferreira to third
|
Batting: LHB Jeff Cole
|
0-0: Ball 1-0: Foul Ball, location: 2F 1-1: Called Strike 1-2: Strikes out swinging
|
Top of the 6th over - 0 run(s), 2 hit(s), 0 error(s), 1 left on base; Baffin Island 2 - Springfield 3 |
BOTTOM OF THE 6TH |
Springfield Stars batting - Pitching for Baffin Island Beavers : RHP Robert Reeves
|
Pitching: RHP Alberto Vásquez
|
|
Batting: LHB César Valentín
|
0-0: SINGLE (Groundball, 6MD)
|
Batting: LHB Ryan Drake
|
0-0: Ball 1-0: Ball 2-0: Foul Ball, location: 2F 2-1: Ball 3-1: Swinging Strike 3-2: Strikes out looking César Valentín steals 2nd base Batter strikes out.
|
Batting: RHB Will Sterling
|
0-0: Ball 1-0: Called Strike 1-1: Called Strike 1-2: Ball 2-2: Foul Ball, location: 2F 2-2: Foul Ball, location: 2F 2-2: Strikes out swinging
|
Batting: RHB José Pinto
|
0-0: Ball 1-0: Called Strike 1-1: Foul Ball, location: 2F 1-2: Ball 2-2: Foul Ball, location: 2F 2-2: Foul Ball, location: 2F 2-2: Foul Ball, location: 2F 2-2: Ground out 4-3 (Groundball, 4M)
|
Bottom of the 6th over - 0 run(s), 1 hit(s), 0 error(s), 1 left on base; Baffin Island 2 - Springfield 3 |
TOP OF THE 7TH |
Baffin Island Beavers batting - Pitching for Springfield Stars : LHP Brock Morris
|
Batting: RHB Bryan Sandstrom
|
0-0: Foul Ball, location: 2F 0-1: Ground out 5-3 (Groundball, 56)
|
Batting: LHB Keng-chi Lao
|
0-0: Ball 1-0: Ball 2-0: Called Strike 2-1: Foul Ball, location: 2F 2-2: Ground out 1-3 (Groundball, 34S)
|
Batting: RHB Bill Mark
|
0-0: Ball 1-0: Called Strike 1-1: Swinging Strike 1-2: Foul Ball, location: 2F 1-2: Strikes out looking
|
Top of the 7th over - 0 run(s), 0 hit(s), 0 error(s), 0 left on base; Baffin Island 2 - Springfield 3 |
BOTTOM OF THE 7TH |
Springfield Stars batting - Pitching for Baffin Island Beavers : RHP Alberto Vásquez
|
Batting: LHB Jesús Tobías
|
0-0: Foul Ball, location: 2F 0-1: Called Strike 0-2: Foul Ball, location: 2F 0-2: Ball 1-2: Foul Ball, location: 2F 1-2: SINGLE (Line Drive, 56D)
|
Batting: RHB Juan Rodríguez
|
0-0: Ball 1-0: Fielders Choice at 2nd, 6-4 (Groundball, 6M)
|
Batting: LHB Felipe Guerrero
|
0-0: Ball 1-0: Foul Ball, location: 2F 1-1: Ball 2-1: Swinging Strike 2-2: Strikes out swinging
|
Batting: RHB Calvin Bennett
|
0-0: Ball 1-0: Called Strike 1-1: SINGLE (Groundball, 34D) Juan Rodríguez to second Runner from 2nd tries for 3rd, SAFE, throw made to third Calvin Bennett to second
|
Batting: LHB Derek Davidson
|
0-0: Foul Ball, location: 2F 0-1: Called Strike 0-2: Strikes out swinging
|
Bottom of the 7th over - 0 run(s), 2 hit(s), 0 error(s), 2 left on base; Baffin Island 2 - Springfield 3 |
TOP OF THE 8TH |
Baffin Island Beavers batting - Pitching for Springfield Stars : LHP Brock Morris
|
Batting: LHB Chris Bates
|
0-0: Ball 1-0: Ground out 4-3 (Groundball, 4MS)
|
Batting: RHB José García
|
0-0: Called Strike 0-1: Ball 1-1: SINGLE (Line Drive, 5)
|
Batting: SHB Alonso Ferreira
|
0-0: Ball 1-0: Ball 2-0: Fly out, F9 (Flyball, 9LSF)
|
Batting: RHB Tony Morton
|
0-0: Ball 1-0: Ball 2-0: Ground out 6-3 (Groundball, 6)
|
Top of the 8th over - 0 run(s), 1 hit(s), 0 error(s), 1 left on base; Baffin Island 2 - Springfield 3 |
BOTTOM OF THE 8TH |
Springfield Stars batting - Pitching for Baffin Island Beavers : RHP Alberto Vásquez
|
Pitching: LHP Manuel Parra
|
|
Batting: LHB César Valentín
|
0-0: Ball 1-0: Ball 2-0: Swinging Strike 2-1: SOLO HOME RUN (Flyball, 7D), Distance : 397 ft
|
Batting: LHB Ryan Drake
|
0-0: Ball 1-0: Ball 2-0: Called Strike 2-1: Foul Ball, location: 2F 2-2: Ground out 3-1 (Groundball, 34)
|
Batting: RHB Will Sterling
|
0-0: Called Strike 0-1: Ground out 6-3 (Groundball, 56)
|
Batting: RHB José Pinto
|
0-0: Foul Ball, location: 2F 0-1: Ball 1-1: Fly out, F5 (Popup, 56S)
|
Bottom of the 8th over - 1 run(s), 1 hit(s), 0 error(s), 0 left on base; Baffin Island 2 - Springfield 4 |
TOP OF THE 9TH |
Baffin Island Beavers batting - Pitching for Springfield Stars : LHP Brock Morris
|
Pitching: RHP Ramón Vélez
|
|
Batting: LHB Jerry Bryan
|
0-0: Ball 1-0: Ground out U3 (Groundball, 3S)
|
Batting: LHB Jeff Cole
|
0-0: Ball 1-0: Called Strike 1-1: Swinging Strike 1-2: Strikes out looking
|
Batting: RHB Bryan Sandstrom
|
0-0: Called Strike 0-1: Foul Ball, location: 2F 0-2: Ball 1-2: Foul Ball, location: 2F 1-2: Ball 2-2: Fly out, F3 (Popup, 3SF)
|
Top of the 9th over - 0 run(s), 0 hit(s), 0 error(s), 0 left on base; Baffin Island 2 - Springfield 4 |
|